 Dungeon Sprint DCSS version 0.27-a0-1139-g28e009f8a6 (webtiles) character file.

Game seed: 17043097177481566857

6831 Zeld the Devastator (level 11, -15/83 HPs)
             Began as an Octopode Conjurer on May 8, 2021.
             Was a Priest of Sif Muna.
             Demolished by a spriggan berserker
             ... wielding a +0 quarterstaff
              (20 damage)
             ... in the Dungeon (Sprint IV: "Fedhas' Mad Dash").
             The game lasted 00:07:33 (10410 turns).

Zeld the Devastator (Octopode Conjurer)            Turns: 10410, Time: 00:07:33

Health: -15/83     AC:  1    Str:  6    XL:     11   Next: 5%
Magic:  7/25       EV: 17    Int: 23    God:    Sif Muna [***...]
Gold:   9          SH:  0    Dex: 12    Spells: 11/31 levels left

rFire    . . .     SeeInvis .   (no weapon)
rCold    . . .     Faith    .   (no shield)
rNeg     . . .     Spirit   .   (helmet restricted)
rPois    .         Reflect  .   h - amulet of invisibility {+Inv}
rElec    .         Harm     .   (no ring)
rCorr    .         Rampage  .   (no ring)
Will     .....     NoTele   +   (no ring)
Stlth    +++.......             (no ring)
HPRegen  0.23/turn              (no ring)
MPRegen  0.19/turn              (no ring)
                                (no ring)
                                (no ring)

@: channeling
A: almost no armour, amphibious, 8 rings, camouflage 1, gelatinous body 1,
(nimble swimmer 1), tentacles
a: Renounce Religion, Evoke Invisibility, Channel Magic, Forget Spell


You were in the Dungeon.
You worshipped Sif Muna.
Sif Muna was most pleased with you.
You visited 1 branch You collected 238 gold pieces.
You spent 229 gold pieces at shops.

Inventory:

Jewellery
 h - the amulet of invisibility (around mantle) {+Inv}
   (You found it in the Dungeon)

   [amulet of nothing]

   It lets you turn invisible.
Wands
 a - a wand of flame (17)
Scrolls
 b - a scroll of fear
 g - a scroll of blinking
 k - a scroll of enchant weapon {unknown}
Potions
 c - a potion of heal wounds
 d - a potion of haste
 e - 2 potions of magic
 f - a potion of might
 i - 2 potions of curing
 j - a potion of brilliance {unknown}


   Skills:
 + Level 11.2 Fighting
 + Level 11.5 Dodging
 - Level 2.6 Stealth
 + Level 10.6 Spellcasting
 * Level 15.7 Conjurations
 * Level 7.8 Invocations


You had 11 spell levels left.
You knew the following spells:

 Your Spells              Type           Power      Damage    Failure   Level
a - Magic Dart            Conj           100%       1d8       0%          1
b - Searing Ray           Conj           100%       3d7       0%          2
c - Fulminant Prism       Conj/Hex       24%        3d13      1%          4
d - Iskenderun's Mystic   Conj/Tloc      48%        2d11      1%          4
e - Fire Storm            Conj/Fire      24%        8d6       100%        9

Your spell library contained the following spells:

 Spells                   Type           Power      Damage    Failure   Level
 Shock                    Conj/Air       100%       1d9       1%          1
 Dazzling Flash           Conj/Hex       96%        N/A       1%          3
 Animate Skeleton         Necr           24%        N/A       5%          1
 Pain                     Necr           48%        1d6       5%          1
 Sandblast                Erth           24%        2d8       5%          1
 Fireball                 Conj/Fire      24%        3d11      6%          5
 Ignite Poison            Fire/Tmut/Pois 12%        N/A       16%         3
 Vampiric Draining        Necr           6%         2d6       16%         3
 Conjure Ball Lightning   Conj/Air       24%        3x3d7     32%         6
 Animate Dead             Necr           6%         N/A       45%         4
 Freezing Cloud           Conj/Ice/Air   18%        6-21      67%         6
 Agony                    Necr           12%        N/A       82%         5
 Yara's Violent Unravell  Hex/Tmut       6%         3d5       82%         5
 Invisibility             Hex            12%        N/A       100%        6
 Statue Form              Tmut/Erth      8%         N/A       100%        6
 Ignition                 Fire           6%         3d4       100%        8


Dungeon Overview and Level Annotations

Branches:
Dungeon (1/1)

Altars:
Cheibriados
Dithmenos
Elyvilon
Gozag
Hepliaklqana
Kikubaaqudgha
Makhleb
Nemelex Xobeh
Okawaru
Qazlal
Ru
Sif Muna
Trog
Uskayaw
Vehumet
Wu Jian
Xom
Yredelemnul
Zin
The Shining One
Beogh
Jiyva
Lugonu

Shops:
D [*(![**


Innate Abilities, Weirdness & Mutations

You cannot wear most types of armour.
You are amphibious.
You can wear up to eight rings at the same time.
Your skin changes colour to match your surroundings (Stealth+).
Your rubbery body absorbs attacks. (AC +1, EV +1)
((You are camouflaged near water. (Stealth+)))
You have tentacles for arms and can constrict up to eight enemies at once.


Message History

The mystic blast hits the spriggan berserker.
The spriggan berserker is severely wounded.
The spriggan berserker is knocked back by the mystic blast.
You hear an angry growl.
Casting: Iskenderun's Mystic Blast (dangerous; 1% risk of failure)
Confirm with . or Enter, or press ? or * to list all spells.
Aiming: Searing Ray (safe; 0% risk of failure)
Press: ? - help, Shift-Dir - straight line, f - spriggan berserker
Aim: a spriggan berserker, wielding a +0 quarterstaff and wearing a +0 animal skin (severely wounded, 65% to hit)
The searing ray hits the spriggan berserker!
The spriggan berserker is almost dead. (Press . to maintain the ray.)
The spriggan berserker mumbles some strange prayers to Trog.
The death yak goes berserk!
The searing ray hits the death yak!
The death yak is lightly wounded.
The searing ray hits the spriggan berserker!
The spriggan berserker is almost dead.
The searing ray hits the death yak!
The death yak is lightly wounded.
The searing ray misses the spriggan berserker.
The death yak gores you!
The spriggan berserker invokes Trog's protection!
Casting: Searing Ray (safe; 0% risk of failure)
Confirm with . or Enter, or press ? or * to list all spells.
You don't have enough magic to cast this spell.
Unknown command.
Press: ? - help, v - describe, . - travel
Here: a death yak (lightly wounded, summoned, berserk)
The floor, spattered with blood.
Press: ? - help, v - describe, . - travel
Here: a spriggan berserker, wielding a +0 quarterstaff and wearing a +0 animal skin (almost dead, regenerating, strong-willed)
The floor.
Unknown command.
Unknown command.
Okay, then.
The death yak closely misses you. The death yak gores you!!
* * * LOW HITPOINT WARNING * * *
The spriggan berserker hits you with a +0 quarterstaff!!
You die...

############################
._._._.⌠.#..))..#....##∩##.#
_._._._..'..#...#..."'[[##'#
._._._...#..###'##...##∩#..####
_._._._..#.(##∩∩?'...#####....#
._._._.⌠.#################...∩#
##############.i....###.....♣.#
♣.)♣.###.'..)..Y@.(('.))..♣..∩#
.♣..♣##..#..#.......###########
♣.♣..###.##'##......#
♣...♣'...#v..########
##########.... i..... .♣......
.v......∩ # #########


You could see a death yak (summoned, berserk) and a spriggan berserker
(regenerating, strong-willed).

Vanquished Creatures
  Agnes (D)
  A spriggan druid (D)
  5 oklob plants (D)
  3 wandering mushrooms (D)
  3 burning bushes (D)
  A queen bee (D)
  A hornet (D)
  3 scorpions (D)
  4 killer bees (D)
  5 oklob saplings (D)
  5 spriggans (D)
  A river rat (D)
  A rat (D)
34 creatures vanquished.

Vanquished Creatures (collateral kills)
  An oklob plant (D)
  A demonic crawler (D)
2 creatures vanquished.

Vanquished Creatures (others)
  A ballistomycete spore (D)
  6 fire vortices (D)
  9 fungi (D)
16 creatures vanquished.

Grand Total: 52 creatures vanquished

Notes
Turn   | Place    | Note
-------+----------+-------------------------------------------
     0 | D        | Zeld the Octopode Conjurer began the quest for the Orb.
     0 | D        | Reached XP level 1. HP: 11/11 MP: 3/3
  1267 | D        | Noticed an oklob sapling
  1271 | D        | Killed an oklob sapling
  1272 | D        | Reached skill level 5 in Conjurations
  1272 | D        | Reached XP level 2. HP: 19/19 MP: 4/6
  1272 | D        | Reached XP level 3. HP: 24/24 MP: 4/7
  1326 | D        | Learned a level 2 spell: Searing Ray
  1390 | D        | Noticed a scorpion
  1391 | D        | Found the amulet of invisibility {+Inv}
  1394 | D        | Killed a scorpion
  1395 | D        | Reached skill level 6 in Conjurations
  1395 | D        | Reached XP level 4. HP: 13/33 MP: 2/10
  1923 | D        | Found an opulent altar of Gozag.
  1923 | D        | Found a hazy altar of Hepliaklqana.
  1923 | D        | Found a burning altar of Makhleb.
  1923 | D        | Found a sparkling altar of Nemelex Xobeh.
  1923 | D        | Found a snail-covered altar of Cheibriados.
  1923 | D        | Found a sacrificial altar of Ru.
  1923 | D        | Found a shimmering blue altar of Sif Muna.
  1923 | D        | Found a shimmering altar of Xom.
  1923 | D        | Found a basalt altar of Yredelemnul.
  1926 | D        | Found a viscous altar of Jiyva.
  1926 | D        | Found a bloodstained altar of Trog.
  1926 | D        | Found an ornate altar of the Wu Jian Council.
  1926 | D        | Noticed an oklob sapling priest
  1927 | D        | Found an iron altar of Okawaru.
  1927 | D        | Found a shadowy altar of Dithmenos.
  1927 | D        | Found a glowing silver altar of Zin.
  1928 | D        | Found a hide-covered altar of Uskayaw.
  1928 | D        | Found an ancient bone altar of Kikubaaqudgha.
  1929 | D        | Found a glowing golden altar of the Shining One.
  1929 | D        | Found a stormy altar of Qazlal.
  1929 | D        | Found a white marble altar of Elyvilon.
  1930 | D        | Found a radiant altar of Vehumet.
  1930 | D        | Found a corrupted altar of Lugonu.
  1935 | D        | Became a worshipper of Sif Muna the Loreminder
  1942 | D        | Killed an oklob sapling priest
  1943 | D        | Reached skill level 7 in Conjurations
  1943 | D        | Reached XP level 5. HP: 38/38 MP: 1/11
  2149 | D        | Learned a level 4 spell: Fulminant Prism
  2154 | D        | Learned a level 4 spell: Iskenderun's Mystic Blast
  2365 | D        | Reached skill level 5 in Dodging
  2365 | D        | Reached skill level 8 in Conjurations
  2448 | D        | Reached * piety under Sif Muna
  2449 | D        | Reached skill level 5 in Fighting
  2449 | D        | Reached skill level 5 in Spellcasting
  2449 | D        | Reached XP level 6. HP: 45/45 MP: 8/13
  2451 | D        | Reached skill level 9 in Conjurations
  2853 | D        | Found Fallyly's General Store.
  2853 | D        | Found Poeb's Armour Emporium.
  2860 | D        | Bought a scroll of identify for 26 gold pieces
  2860 | D        | Bought a scroll of identify for 26 gold pieces
  3165 | D        | Noticed a burning bush
  3165 | D        | Noticed a wandering mushroom
  3535 | D        | Killed a burning bush
  3535 | D        | Reached ** piety under Sif Muna
  3536 | D        | Reached skill level 10 in Conjurations
  3536 | D        | Reached XP level 7. HP: 19/53 MP: 5/16
  3670 | D        | Killed a wandering mushroom
  3671 | D        | Reached skill level 11 in Conjurations
  3984 | D        | Noticed a wandering mushroom
  3994 | D        | Killed a wandering mushroom
  3995 | D        | Reached XP level 8. HP: 61/61 MP: 10/19
  4458 | D        | Found Luezetz's Antique Armour Emporium.
  4458 | D        | Found Ruikk's Distillery.
  5431 | D        | Noticed a queen bee
  5440 | D        | Reached *** piety under Sif Muna
  5443 | D        | Reached skill level 12 in Conjurations
  5444 | D        | Killed a queen bee
  5658 | D        | Noticed an oklob plant
  7200 | D        | Killed an oklob plant
  7201 | D        | Reached XP level 9. HP: 67/67 MP: 9/21
  7274 | D        | Noticed a burning bush
  7280 | D        | Killed a burning bush
  7280 | D        | Reached **** piety under Sif Muna
  7281 | D        | Reached skill level 13 in Conjurations
  7398 | D        | Bought a scroll of fear for 45 gold pieces
  7406 | D        | Bought a potion of curing for 36 gold pieces
  7452 | D        | Noticed a burning bush
  7452 | D        | Noticed an oklob plant
  7459 | D        | HP: 3/68 [acid (9)]
  7967 | D        | Noticed a wandering mushroom
  7977 | D        | Killed a burning bush
  8437 | D        | Killed an oklob plant
  8438 | D        | Reached skill level 10 in Dodging
  8439 | D        | Killed a wandering mushroom
  8440 | D        | Reached skill level 14 in Conjurations
  8864 | D        | Noticed a spriggan druid
  8873 | D        | Killed a spriggan druid
  8873 | D        | Reached ***** piety under Sif Muna
  8873 | D        | Identified Sif Muna's Incunabulum of Burning Curses (Sif
                  | Muna gifted it to you in the Dungeon)
  8873 | D        | Received a gift from Sif Muna
  8874 | D        | Reached skill level 10 in Fighting
  8874 | D        | Reached XP level 10. HP: 64/76 MP: 8/23
  8887 | D        | Learned a level 9 spell: Fire Storm
  8999 | D        | Noticed an oklob plant conjurer
  9004 | D        | Killed an oklob plant conjurer
  9326 | D        | Noticed an oklob plant
  9326 | D        | Noticed an oklob plant summoner
  9477 | D        | Noticed an oklob plant shifter
  9479 | D        | Killed an oklob plant summoner
  9479 | D        | Killed an oklob plant shifter
  9480 | D        | Killed an oklob plant
  9481 | D        | Reached skill level 10 in Spellcasting
  9558 | D        | Reached skill level 15 in Conjurations
  9558 | D        | Reached skill level 5 in Invocations
  9830 | D        | Noticed a spriggan rider
  9831 | D        | Found Diwogg's General Store.
 10141 | D        | Found Putunk's Assorted Antiques.
 10147 | D        | Bought a potion of curing for 72 gold pieces
 10360 | D        | Identified the Catalogue of Stones and Weightlessness
 10369 | D        | Bought a scroll labelled UWKUTZ NIGEDGH for 24 gold pieces
 10396 | D        | Noticed Agnes
 10397 | D        | Found Igiwiunu's Weapon Emporium.
 10397 | D        | Noticed a spriggan berserker
 10404 | D        | Killed Agnes
 10405 | D        | Reached XP level 11. HP: 83/83 MP: 10/25
 10408 | D        | Noticed a death yak
 10410 | D        | Demolished by a spriggan berserker

Illustrated notes

Levels and vault maps discovered:
D:        dungeon_sprint_fedhas [sprint_temple]

Skill      XL: |  1  2  3  4  5  6  7  8  9 10 |
---------------+-------------------------------+-----
Fighting       | 2 3 4 5 6 7 8 10 11 | 11.2
Dodging        | 3 4 5 6 8 9 10 11 | 11.5
Spellcasting   | 3 4 5 6 7 8 9 10 | 10.6
Conjurations   | 5 6 7 8 10 11 12 14 15 | 15.7
Invocations    | 7 |  7.8
Stealth        | |  2.6

Action                   |  1- 3 |  4- 6 |  7- 9 | 10-12 || total
-------------------------+-------+-------+-------+-------++-------
Melee: Unarmed           |     3 |       |       |       ||     3
       Constrict         |     2 |       |       |       ||     2
       Tentacles         |     1 |       |       |       ||     1
 Cast: Magic Dart        |    12 |       |       |       ||    12
       Searing Ray       |     2 |    11 |    27 |     9 ||    49
       Iskenderun's Myst |       |       |     3 |     5 ||     8
       Fire Storm        |       |       |       |     3 ||     3
Invok: Divine Exegesis   |       |       |       |     3 ||     3
       Channel Magic     |       |       |       |     2 ||     2
 Abil: Evoke Invisibilit |       |     1 |     4 |     1 ||     6
  Use: Potion            |     1 |       |     1 |       ||     2
       Scroll            |       |     2 |       |       ||     2
Dodge: Dodged            |       |     3 |    17 |    12 ||    32

Table legend: (Time is in decaauts) A = Elapsed time spent in this place. B = Non-inter-level travel time spent in this place. C = Inter-level travel time spent in this place. D = Time resting spent in this place. E = Time spent auto-exploring this place. F = Levels seen in this place. G = Mean time per level. A B C D E F G +--------+--------+--------+--------+--------+-----+--------+ Total | 10423 | 10279 | 144 | 9599 | 0 | 1 | 10423.0 | Dungeon | 10423 | 10279 | 144 | 9599 | 0 | 1 | 10423.0 | +--------+--------+--------+--------+--------+-----+--------+

Top non-repeatable levels by time:
       D: 10423 daAuts
